 Dungeon Crawl Stone Soup version 0.30-a0-49-g1cef19eb02 (webtiles) character file.

Game seed: 15594859819950024980

121 IdlyInterested the Covered (level 4, -3/33 HPs)
             Began as a Demonspawn Wanderer on Sept 2, 2022.
             Slain by an iguana (9 damage)
             ... on level 4 of the Dungeon.
             The game lasted 00:09:38 (3069 turns).

IdlyInterested the Covered (Demonspawn Wanderer)    Turns: 3069, Time: 00:09:38

Health: -3/33      AC: 11    Str: 10    XL:     4   Next: 77%
Magic:  7/7        EV:  9    Int: 13    God:
Gold:   1295       SH:  5    Dex: 19    Spells: 7/8 levels left

rFire   . . .      SeeInvis .      - Unarmed
rCold   + . .      Faith    .    b - +1 buckler
rNeg    . . .      Spirit   .    j - +0 ring mail {rC+}
rPois   .          Reflect  .    r - +2 hat
rElec   .          Harm     .    u - +2 cloak
rCorr   .          Rampage  .    (no gloves)
Will    .....                    (no boots)
Stlth   ++........               (no amulet)
HPRegen 0.11/turn                i - +4 ring of slaying
MPRegen 0.10/turn                (no ring)

@: no status effects
A: thin skeletal structure 1, demonic touch 2
a: no special abilities


You were on level 4 of the Dungeon.
You visited 1 branch of the dungeon, and saw 4 of its levels.

You collected 1295 gold pieces.

Inventory:

Hand Weapons
 a - a +0 dagger
 l - a +0 scimitar
Missiles
 f - 3 poisoned darts
Armour
 b - a +1 buckler (worn)
 j - a +0 ring mail of cold resistance (worn)
 r - a +2 hat (worn)
 u - a +2 cloak (worn)
Jewellery
 i - a +4 ring of slaying (left hand)
Scrolls
 d - a scroll of poison {unknown}
Potions
 c - a potion of invisibility
 e - a potion of attraction
 g - a potion of cancellation
 k - 2 potions of might
 m - a potion of lignification {unknown}
 n - a potion of curing
 o - a potion of mutation {unknown}
 q - 2 potions of flight {unknown}


   Skills:
 + Level 2.0 Fighting
 - Level 0.5 Short Blades
 - Level 4.5 Armour
 + Level 0.6 Dodging
 - Level 1.0 Shields
 * Level 2.1 Unarmed Combat
 * Level 2.5 Spellcasting
 - Level 2.0 Translocations


You had 7 spell levels left.
You knew the following spells:

 Your Spells              Type           Power      Damage    Failure   Level
a - Apportation           Tloc           12%        N/A       34%         1

Your spell library contained the following spells:

 Spells                   Type           Power      Damage    Failure   Level
 Gell's Gravitas          Tloc           6%         N/A       71%         3
 Lesser Beckoning         Tloc           6%         N/A       71%         3
 Teleport Other           Tloc           6%         N/A       71%         3
 Ensorcelled Hibernation  Hex/Ice        2%         N/A       75%         2
 Passwall                 Tmut/Erth      0%         N/A       75%         2
 Ignite Poison            Fire/Tmut/Pois 1%         N/A       93%         3
 Mephitic Cloud           Conj/Pois/Air  1%         N/A       93%         3
 Swiftness                Air            1%         N/A       93%         3
 Freezing Cloud           Conj/Ice/Air   0%         6-21      100%        5


Dungeon Overview and Level Annotations

Branches:
Dungeon (4/15)
 Temple: D:4-7

Altars:


Innate Abilities, Weirdness & Mutations

You have a somewhat thin skeletal structure. (Dex +2, Stealth+)
Your touch may inflict irresistible damage on your foes.


Message History

The orc wizard casts a spell at you. You resist with some effort.
The goblin barely misses you.
You bump into the rock wall.
The orc wizard closely misses you. The goblin barely misses you.
The orc wizard hits you with a +0 dagger of speed.
You hit the goblin.
You kill the goblin!
You feel less confused.
The orc wizard hits you with a +0 dagger of speed.
You closely miss the orc wizard.
The orc wizard is heavily wounded.
The orc wizard casts a spell at you. The puff of flame hits you!
* * * LOW HITPOINT WARNING * * *
The kobold hits you but does no damage.
You hit the orc wizard.
The orc wizard is severely wounded.
You block the orc wizard's attack.
The orc wizard hits you with a +0 dagger of speed.
* * * LOW HITPOINT WARNING * * *
You hit the orc wizard.
The orc wizard is almost dead.
The kobold closely misses you. The orc wizard barely misses you.
You hit the orc wizard.
You kill the orc wizard!
The kobold hits you with a +0 whip.
* * * LOW HITPOINT WARNING * * *
The kobold hits you but does no damage.
Your Fighting skill increases to level 2!
Your Unarmed Combat skill increases to level 2!
You barely miss the kobold. The kobold hits you but does no damage.
It was a potion of curing.
You feel better. The kobold hits you but does no damage.
You hit the kobold.
You kill the kobold!
You completely miss the iguana. The iguana barely misses you.
The iguana bites you!
* * * LOW HITPOINT WARNING * * *
You feel better. The iguana bites you!
You die...

######
w.....#####
..........
#.......
#......#
#<## #@)#
#######l#
........#
..####..#
##.. ....
##... ....
.....


You could see an iguana.

Vanquished Creatures
  An orc wizard (D:4)
  2 adders
  A worm (D:3)
  A dart slug (D:2)
  2 orcs (D:4)
  12 bats
  5 endoplasms
  10 giant cockroaches
  7 goblins
  9 hobgoblins
  A quokka (D:1)
  6 ball pythons
  2 frilled lizards (D:1)
  3 kobolds
  2 rats
64 creatures vanquished.

Vanquished Creatures (others)
  A withered plant (D:1)
1 creature vanquished.

Grand Total: 65 creatures vanquished

Notes
Turn   | Place    | Note
-------+----------+-------------------------------------------
     0 | D:1      | IdlyInterested the Demonspawn Wanderer began the quest for
                  | the Orb.
     0 | D:1      | IdlyInterested set off with the following items: a +0
                  | dagger, a +0 buckler, a potion of invisibility, a +0 chain
                  | mail; and the following spell memorised: Apportation; and
                  | the following spells available to memorise: Lesser
                  | Beckoning.
     0 | D:1      | Reached XP level 1. HP: 15/15 MP: 2/2
   211 | D:1      | Gained mutation: Your touch may inflict minor irresistible
                  | damage on your foes. [demonic ancestry]
   211 | D:1      | Reached XP level 2. HP: 20/21 MP: 3/3
   683 | D:1      | Reached skill level 1 in Unarmed Combat
   683 | D:1      | Gained mutation: You have a somewhat thin skeletal
                  | structure. (Dex +2, Stealth+) [demonic ancestry]
   683 | D:1      | Reached XP level 3. HP: 26/26 MP: 5/5
  1366 | D:2      | Found a faded altar of an unknown god.
  2324 | D:3      | Identified a scroll of acquirement
  2324 | D:3      | Acquired 1140 gold pieces
  2629 | D:3      | Gained mutation: Your touch may inflict irresistible damage
                  | on your foes. [demonic ancestry]
  2629 | D:3      | Reached XP level 4. HP: 33/33 MP: 7/7
  3038 | D:4      | HP: 1/33 [something/magic dart (8)]
  3068 | D:4      | HP: 1/33 [iguana (9)]
  3069 | D:4      | Slain by an iguana

Illustrated notes

Levels and vault maps discovered:
D:1:      spicycebolla_arrival_clurvy, layout_basic,
          chequers_serial_rivers_small_a
D:2:      layout_loops_ring, hellmonk_ecumenical_altar_arch_garden,
          serial_rivers, chequers_serial_rivers_small_b,
          chequers_serial_rivers_small_b, chequers_serial_rivers_large_b,
          chequers_serial_rivers_large_a, chequers_serial_rivers_room_a
D:3:      minmay_roachtagon, layout_loops_corners
D:4:      layout_rooms, nicolae_qazlal_general_emergency, kennysheep_mini_moat,
          mainiacjoe_overflow_cross_hatched, nicolae_shop_i_like_big_books,
          kennysheep_generic_room_2, uniq_menkaure, uniq_duvessa, uniq_natasha

Skill      XL: |  1  2  3  4 |
---------------+-------------+-----
Translocations | 2 |  2.0
Unarmed Combat | 1 2 |  2.1
Spellcasting   | 2 |  2.5
Fighting       | 2 |  2.0
Short Blades   | |  0.5
Armour         | |  4.5
Dodging        | |  0.6
Shields        | |  1.0

Action                   |  1- 3 |  4- 6 || total
-------------------------+-------+-------++-------
Melee: Dagger            |    38 |       ||    38
       Unarmed           |   125 |    79 ||   204
  Use: Scroll            |    11 |       ||    11
       Potion            |       |     4 ||     4
Armor: Chain mail        |   135 |       ||   135
       Ring mail         |     7 |    64 ||    71
Dodge: Dodged            |    41 |    39 ||    80
Block: Buckler           |    33 |    18 ||    51

Table legend: (Time is in decaauts)
 A = Elapsed time spent in this place.
 B = Non-inter-level travel time spent in this place.
 C = Inter-level travel time spent in this place.
 D = Time resting spent in this place.
 E = Time spent auto-exploring this place.
 F = Levels seen in this place.
 G = Mean time per level.
                   A        B        C        D        E       F      G
               +--------+--------+--------+--------+--------+-----+--------+
         Total |   3120 |   2762 |    358 |      0 |   2066 |   4 |  780.0 |
       Dungeon |   3120 |   2762 |    358 |      0 |   2066 |   4 |  780.0 |
               +--------+--------+--------+--------+--------+-----+--------+

Top non-repeatable levels by time:
     D:2: 1161 daAuts
     D:1: 1030 daAuts
     D:3: 869 daAuts
     D:4: 58 daAuts
